NEW JERSEY Devils vs FLORIDA Panthers

Created - 6 mars 2024 at 11:01

Goals
1 2 3 OT1 T
NEW JERSEY Devils 1 1 2 1 5
FLORIDA Panthers 1 2 1 0 4
Shots
1 2 3 OT1 T
NEW JERSEY Devils 10 11 13 3 37
FLORIDA Panthers 5 17 8 2 32

1st period

1. FLORIDA Panthers , Carter Verhaeghe 11 (Ryan McDonagh 19) at 16:23
2. NEW JERSEY Devils , Andreas Athanasiou 9 (J.T. Compher 19, Ryan Graves 20) at 19:50

Penalties :
Eetu Luostarinen (FLO) for Hooking (Minor) at 11:16, Matt Irwin (FLO) for High sticking (Minor) at 13:20, Ryan Graves (NJD) for Holding (Minor) at 17:14

2nd period

3. FLORIDA Panthers , Matthew Tkachuk 13 (Ryan McDonagh 20) at 3:06
4. NEW JERSEY Devils , Jack Hughes 21 (James van Riemsdyk 15, Kyle Okposo 18) at 8:10
5. FLORIDA Panthers , Ryan McDonagh 6 (Eetu Luostarinen 10, Yegor Sharangovich 6) at 15:20

Penalties :
Alexander Petrovic (NJD) for High sticking (Minor) at 11:58, Ryan McDonagh (FLO) for Tripping (Minor) at 18:25

3rd period

6. NEW JERSEY Devils , Jack Hughes 22 (James van Riemsdyk 16, Ryan Graves 21) at 8:46 (PP)
7. FLORIDA Panthers , Ryan McDonagh 7 (Vincent Trocheck 19) at 17:46 (PP)
8. NEW JERSEY Devils , Kyle Okposo 12 (Adam Boqvist 23, Jack Hughes 22) at 19:28 (PP)

Penalties :
Connor Murphy (FLO) for Holding (Minor) at 2:24, Matthew Tkachuk (FLO) for Hooking (Minor) at 7:49, Matthew Tkachuk (FLO) for Holding (Minor) at 11:15, Ryan Graves (NJD) for Holding (Minor) at 16:46, Eetu Luostarinen (FLO) for Slashing (Minor) at 18:03

Overtime #1

9. NEW JERSEY Devils , Andreas Athanasiou 10 (Jack Hughes 23, Chris Wideman 10) at 2:17

Penalties :
No Penalty

Goalie Stats

Jake Allen (NJD), 28 saves from 32 shots - (0,875), W, 8-9-1, 61:50 minutes
Darcy Kuemper (FLO), 32 saves from 37 shots - (0,865), OTL, 21-15-6, 62:18 minutes

Players Stats for NEW JERSEY Devils

Player Name              G  A  P  +/- PIM S  H  SB GA TA FO     MP     PP MP  PK MP  
------------------------------------------------------------------------------------
Adam Boqvist             0  1  1  -1  0   4  0  1  0  0  0/0    25:47   6:24   2:39 
Alexander Petrovic       0  0  0   1  2   0  6  1  0  0  0/0    19:47   6:24   1:07 
Andreas Athanasiou       2  0  2   1  0   8  2  0  0  0  0/1    18:37   6:29   0:03 
Bowen Byram              0  0  0  -1  0   3  1  1  0  0  0/0    23:27   5:53   2:32 
Chris Wideman            0  1  1   0  0   0  4  3  0  0  0/0    18:28   0:00   2:26 
Connor Brown             0  0  0  -1  0   0  0  0  0  0  0/0     6:23   0:00   0:00 
Gabriel Landeskog        0  0  0  -1  0   0  0  0  0  0  0/0     6:23   0:00   0:00 
J.T. Compher             0  1  1   0  0   2  0  0  0  0  6/19   13:11   0:00   0:00 
Jack Hughes              2  2  4   1  0   7  0  0  0  0  19/40  23:34   5:48   2:29 
Jake Bean                0  0  0   0  0   0  0  2  0  0  0/0    10:09   0:00   0:00 
James van Riemsdyk       0  2  2   0  0   2  1  0  0  0  0/0    22:21   5:48   1:52 
Joel Armia               0  0  0   0  0   0  0  1  0  0  1/2    19:32   6:29   1:09 
Kyle Okposo              1  1  2   0  0   6  3  1  0  0  0/0    23:00   5:48   2:31 
Miles Wood               0  0  0  -1  0   0  1  0  0  0  3/8     6:23   0:00   0:00 
Oskar Lindblom           0  0  0   0  0   2  4  0  0  0  3/11   18:33   6:29   1:52 
Ryan Donato              0  0  0   0  0   0  1  0  0  0  5/14   10:12   0:00   0:00 
Ryan Graves              0  2  2   0  4   3  4  2  0  0  0/0    24:37   5:53   1:12 
Thomas Novak             0  0  0   0  0   0  0  0  0  0  1/1    11:29   0:00   0:00 

Players Stats for FLORIDA Panthers

Player Name              G  A  P  +/- PIM S  H  SB GA TA FO     MP     PP MP  PK MP  
------------------------------------------------------------------------------------
Adam Henrique            0  0  0   0  0   2  1  0  0  0  12/20  14:41   0:00   3:48 
Brady Skjei              0  0  0  -1  0   0  3  2  0  0  0/0    23:33   1:43   7:11 
Brandon Saad             0  0  0   0  0   1  2  0  0  0  0/1    13:29   2:02   0:00 
Brock Nelson             0  0  0   1  0   5  0  0  0  0  2/4    26:58   2:02   7:58 
Carter Verhaeghe         1  0  1   0  0   2  2  0  0  0  0/0    14:23   2:56   0:00 
Connor Murphy            0  0  0  -1  2   2  1  1  0  0  0/0    19:38   0:00   5:39 
Derek Grant              0  0  0   0  0   0  1  0  0  0  5/5     5:17   0:00   0:00 
Dougie Hamilton          0  0  0   2  0   1  0  2  0  0  0/0    18:31   3:15   0:41 
Eetu Luostarinen         0  1  1  -1  4   0  3  2  0  0  1/1    14:41   0:00   3:22 
Jordan Martinook         0  0  0   0  0   1  0  0  0  0  0/0     8:20   0:00   1:13 
Josh Morrissey           0  0  0  -1  0   4  0  1  0  0  0/0    25:20   3:15   5:37 
Matt Irwin               0  0  0  -1  2   0  0  1  0  0  0/0    12:06   0:00   0:00 
Matthew Tkachuk          1  0  1   1  4   4  2  0  0  0  1/1    18:02   2:56   0:00 
Ryan McDonagh            2  2  4   3  2   3  2  4  0  0  0/0    23:07   1:43   5:26 
Ryan McLeod              0  0  0   0  0   2  1  0  0  0  0/0     5:17   0:00   0:00 
Steven Stamkos           0  0  0   1  0   3  2  1  0  0  17/23  18:04   2:56   0:00 
Vincent Trocheck         0  1  1  -1  0   1  1  0  0  0  20/41  22:10   2:02   8:13 
Yegor Sharangovich       0  1  1   0  0   1  1  0  0  0  0/0    10:53   0:00   0:00 

3 Stars

1 - Ryan McDonagh (FLO)
2 - Jack Hughes (NJD)
3 - Andreas Athanasiou (NJD)

Power Play

NEW JERSEY Devils - 2 on 7 Attempt(s) - 28,57%
FLORIDA Panthers - 1 on 3 Attempt(s) - 33,33%

Penalty Kill

NEW JERSEY Devils - 2 on 3 Attempt(s) - 66,67% - Score 0 goal in Penalty Kill
FLORIDA Panthers - 5 on 7 Attempt(s) - 71,43% - Score 0 goal in Penalty Kill

Team Stat

NEW JERSEY Devils - Hits : 27 - Faceoff Wins : 38 - Blocked Shots : 12 - Penalty Minutes : 6
FLORIDA Panthers - Hits : 22 - Faceoff Wins : 58 - Blocked Shots : 14 - Penalty Minutes : 14

Official

Referees : Mitch Dunning and Steve Kozari
Linesman : Travis Toomey and Julien Fournier

Game Notes

No Game Note

Finance

Level 1 -- Attendance: 4867 (76,65%) -- Ticket Income $486,700
Level 2 -- Attendance: 5200 (100,00%) -- Ticket Income $296,400
Level 3 -- Attendance: 2579 (85,97%) -- Ticket Income $82,528
Level 4 -- Attendance: 3983 (86,59%) -- Ticket Income $79,660
Luxury Box -- Attendance: 974 (95,02%) -- Ticket Income $189,930
Game was played at the BB-T Center.
Total Attendance: 17603 (87,25%)
Total Ticket Income: $1,135,218
Other Income: $283,804
Total Income: $1,419,022

NEW JERSEY Devils

5 vs 5 Forward 
   Center                   Left Wing                Right Wing               Time % Phy DF OF 
 1 Jack Hughes              James van Riemsdyk       Kyle Okposo              40     1   2  2  
 2 J.T. Compher             Thomas Novak             Andreas Athanasiou       30     1   2  2  
 3 Ryan Donato              Oskar Lindblom           Joel Armia               20     1   2  2  
 4 Miles Wood               Gabriel Landeskog        Connor Brown             10     1   2  2  

5 vs 5 Defense 
   Defense                  Defense                                           Time % Phy DF OF 
 1 Adam Boqvist             Bowen Byram                                       40     2   2  1  
 2 Chris Wideman            Ryan Graves                                       30     2   2  1  
 3 Jake Bean                Alexander Petrovic                                20     2   2  1  
 4 Ryan Graves              Alexander Petrovic                                10     1   2  2  

PowerPlay Forward 
   Center                   Left Wing                Right Wing               Time % Phy DF OF 
 1 Jack Hughes              James van Riemsdyk       Kyle Okposo              60     1   2  2  
 2 Oskar Lindblom           Joel Armia               Andreas Athanasiou       40     1   2  2  

PowerPlay Defense
   Defense                  Defense                                           Time % Phy DF OF 
 1 Ryan Graves              Bowen Byram                                       60     1   2  2  
 2 Adam Boqvist             Alexander Petrovic                                40     1   2  2  

Penalty Kill 4 Players Forward 
   Center                   Wing                     Time % Phy DF OF 
 1 Jack Hughes              Kyle Okposo              60     1   2  2  
 2 Oskar Lindblom           James van Riemsdyk       40     1   2  2  

Penalty Kill 4 Players Defense
   Defense                  Defense                  Time % Phy DF OF 
 1 Ryan Graves              Bowen Byram              60     1   2  2  
 2 Adam Boqvist             Chris Wideman            40     1   2  2  

Penalty Kill - 3 Players Forward 
   Forward                                           Time % Phy DF OF 
 1 Jack Hughes                                       60     1   2  2  
 2 Kyle Okposo                                       40     1   2  2  

Penalty Kill - 3 Players Defense
   Defense                  Defense                  Time % Phy DF OF 
 1 Ryan Graves              Bowen Byram              60     1   2  2  
 2 Adam Boqvist             Chris Wideman            40     1   2  2  

4 vs 4 Forward 
   Center                   Wing                     Time % Phy DF OF 
 1 Jack Hughes              Kyle Okposo              60     1   2  2  
 2 Andreas Athanasiou       James van Riemsdyk       40     1   2  2  

4 vs 4 Defense
   Defense                  Defense                  Time % Phy DF OF 
 1 Ryan Graves              Bowen Byram              60     1   2  2  
 2 Adam Boqvist             Alexander Petrovic       40     1   2  2  

Last Minutes Offensive
   Center                   Left Wing                Right Wing               Defense                  Defense                  
   Jack Hughes              James van Riemsdyk       Kyle Okposo              Ryan Graves              Bowen Byram              

Last Minutes Defensive
   Center                   Left Wing                Right Wing               Defense                  Defense                  
   Jack Hughes              James van Riemsdyk       Kyle Okposo              Ryan Graves              Bowen Byram              

Goaltenders
Starting : Jake Allen               
Backup : Antti Raanta             

Extra Forwards
Normal : Jack Hughes, Oskar Lindblom, Joel Armia - PP : Kyle Okposo, Oskar Lindblom - PK : Joel Armia
Extra Defensemen
Normal : Chris Wideman, Alexander Petrovic, Adam Boqvist - PP : Chris Wideman - PK : Alexander Petrovic, Adam Boqvist
Penalty Shots
Jack Hughes, Kyle Okposo, Joel Armia, James van Riemsdyk, Oskar Lindblom

Scratches
Dustin Tokarski (Healthy)

FLORIDA Panthers

5 vs 5 Forward 
   Center                   Left Wing                Right Wing               Time % Phy DF OF 
 1 Steven Stamkos           Brock Nelson             Matthew Tkachuk          40     1   2  2  
 2 Vincent Trocheck         Carter Verhaeghe         Brandon Saad             30     1   2  2  
 3 Adam Henrique            Eetu Luostarinen         Yegor Sharangovich       20     1   2  2  
 4 Derek Grant              Ryan McLeod              Jordan Martinook         10     1   2  2  

5 vs 5 Defense 
   Defense                  Defense                                           Time % Phy DF OF 
 1 Josh Morrissey           Brady Skjei                                       40     1   2  2  
 2 Dougie Hamilton          Ryan McDonagh                                     30     1   2  2  
 3 Connor Murphy            Matt Irwin                                        20     1   2  2  
 4 Josh Morrissey           Ryan McDonagh                                     10     1   2  2  

PowerPlay Forward 
   Center                   Left Wing                Right Wing               Time % Phy DF OF 
 1 Steven Stamkos           Carter Verhaeghe         Matthew Tkachuk          60     1   1  3  
 2 Vincent Trocheck         Brock Nelson             Brandon Saad             40     1   1  3  

PowerPlay Defense
   Defense                  Defense                                           Time % Phy DF OF 
 1 Josh Morrissey           Dougie Hamilton                                   60     1   1  3  
 2 Brady Skjei              Ryan McDonagh                                     40     1   1  3  

Penalty Kill 4 Players Forward 
   Center                   Wing                     Time % Phy DF OF 
 1 Vincent Trocheck         Brock Nelson             60     1   3  1  
 2 Adam Henrique            Eetu Luostarinen         40     1   4  0  

Penalty Kill 4 Players Defense
   Defense                  Defense                  Time % Phy DF OF 
 1 Ryan McDonagh            Brady Skjei              60     1   3  1  
 2 Connor Murphy            Josh Morrissey           40     1   3  1  

Penalty Kill - 3 Players Forward 
   Forward                                           Time % Phy DF OF 
 1 Eetu Luostarinen                                  60     0   5  0  
 2 Vincent Trocheck                                  40     0   5  0  

Penalty Kill - 3 Players Defense
   Defense                  Defense                  Time % Phy DF OF 
 1 Connor Murphy            Ryan McDonagh            60     1   4  0  
 2 Brady Skjei              Josh Morrissey           40     1   4  0  

4 vs 4 Forward 
   Center                   Wing                     Time % Phy DF OF 
 1 Steven Stamkos           Matthew Tkachuk          60     1   2  2  
 2 Vincent Trocheck         Brock Nelson             40     1   2  2  

4 vs 4 Defense
   Defense                  Defense                  Time % Phy DF OF 
 1 Josh Morrissey           Ryan McDonagh            60     1   2  2  
 2 Brady Skjei              Dougie Hamilton          40     1   2  2  

Last Minutes Offensive
   Center                   Left Wing                Right Wing               Defense                  Defense                  
   Steven Stamkos           Carter Verhaeghe         Matthew Tkachuk          Josh Morrissey           Dougie Hamilton          

Last Minutes Defensive
   Center                   Left Wing                Right Wing               Defense                  Defense                  
   Vincent Trocheck         Brock Nelson             Brandon Saad             Ryan McDonagh            Brady Skjei              

Goaltenders
Starting : Darcy Kuemper            
Backup : Cayden Primeau           

Extra Forwards
Normal : Matthew Tkachuk, Steven Stamkos, Eetu Luostarinen - PP : Yegor Sharangovich, Adam Henrique - PK : Eetu Luostarinen
Extra Defensemen
Normal : Connor Murphy, Dougie Hamilton, Brady Skjei - PP : Dougie Hamilton - PK : Ryan McDonagh, Brady Skjei
Penalty Shots
Steven Stamkos, Matthew Tkachuk, Brock Nelson, Vincent Trocheck, Carter Verhaeghe

Scratches
None


% Time on Ice - NEW JERSEY Devils

Lines # - Real PCT - Wanted PCT - Time Play
Normal Forward
1 - 34% - 40% - 14:41
2 - 27% - 30% - 11:29
3 - 24% - 20% - 10:12
4 - 15% - 10% - 6:23
Normal Defense
1 - 35% - 40% - 15:02
2 - 36% - 30% - 15:26
3 - 23% - 20% - 9:49
4 - 6% - 10% - 2:28
PP Forward
1 - 47% - 60% - 5:48
2 - 53% - 40% - 6:29
PP Defense
1 - 48% - 60% - 5:53
2 - 52% - 40% - 6:24
PK Forward
1 - 62% - 60% - 3:06
2 - 38% - 40% - 1:52
PK Defense
1 - 51% - 60% - 2:32
2 - 49% - 40% - 2:26
PK3 Forward
1 - 0% - 60%
2 - 0% - 40%
PK3 Defense
1 - 0% - 60%
2 - 0% - 40%
44 Forward
1 - 0% - 60%
2 - 0% - 40%
44 Defense
1 - 0% - 60%
2 - 0% - 40%
Last Minute Offensive  - 0:00
Last Minute Defensive  - 0:00
Total
Forward - 60:00
Defense - 60:00

% Time on Ice - FLORIDA Panthers

Lines # - Real PCT - Wanted PCT - Time Play
Normal Forward
1 - 35% - 40% - 15:08
2 - 27% - 30% - 11:27
3 - 25% - 20% - 10:53
4 - 12% - 10% - 5:17
Normal Defense
1 - 34% - 40% - 14:39
2 - 33% - 30% - 14:07
3 - 28% - 20% - 12:07
4 - 4% - 10% - 1:52
PP Forward
1 - 59% - 60% - 2:56
2 - 41% - 40% - 2:02
PP Defense
1 - 65% - 60% - 3:15
2 - 35% - 40% - 1:43
PK Forward
1 - 69% - 60% - 8:29
2 - 31% - 40% - 3:48
PK Defense
1 - 57% - 60% - 7:00
2 - 43% - 40% - 5:17
PK3 Forward
1 - 0% - 60%
2 - 0% - 40%
PK3 Defense
1 - 0% - 60%
2 - 0% - 40%
44 Forward
1 - 0% - 60%
2 - 0% - 40%
44 Defense
1 - 0% - 60%
2 - 0% - 40%
Last Minute Offensive  - 0:00
Last Minute Defensive  - 0:00
Total
Forward - 60:00
Defense - 60:00

Play-by-Play

1st period


0:01 of 1st period - Steven Stamkos wins face-off versus Jack Hughes in neutral zone.
0:14 of 1st period - Shot by Steven Stamkos.
0:14 of 1st period - Shot Misses the Net.
0:38 of 1st period - Shot by Bowen Byram.
0:38 of 1st period - Stopped by Darcy Kuemper without a rebound.
0:39 of 1st period - J.T. Compher wins face-off versus Vincent Trocheck in FLORIDA Panthers zone.
0:39 of 1st period - Ryan Graves is hit by Ryan McDonagh.
0:50 of 1st period - Icing by Carter Verhaeghe.
0:51 of 1st period - Ryan Donato wins face-off versus Brandon Saad in FLORIDA Panthers zone.
1:10 of 1st period - Shot by Ryan Donato.
1:10 of 1st period - Shot Misses the Net.
1:30 of 1st period - Ryan McDonagh is hit by Ryan Donato and loses puck.
1:51 of 1st period - Shot by Andreas Athanasiou.
1:51 of 1st period - Stopped by Darcy Kuemper without a rebound.
1:52 of 1st period - Miles Wood wins face-off versus Adam Henrique in FLORIDA Panthers zone.
2:42 of 1st period - Icing by Bowen Byram.
2:43 of 1st period - Steven Stamkos wins face-off versus Miles Wood in NEW JERSEY Devils zone.
2:46 of 1st period - Shot by Matthew Tkachuk.
2:46 of 1st period - Deflect By Brock Nelson.
2:46 of 1st period - Stopped by Jake Allen without a rebound.
2:47 of 1st period - Jack Hughes wins face-off versus Steven Stamkos in NEW JERSEY Devils zone.
3:32 of 1st period - Shot by Steven Stamkos.
3:32 of 1st period - Shot Blocked by Chris Wideman.
4:03 of 1st period - Dougie Hamilton is hit by Alexander Petrovic and loses puck.
4:15 of 1st period - Off-side.
4:16 of 1st period - Vincent Trocheck wins face-off versus Ryan Donato in neutral zone.
4:40 of 1st period - Shot by Brandon Saad.
4:40 of 1st period - Shot Misses the Net.
5:57 of 1st period - Shot by J.T. Compher.
5:57 of 1st period - Shot Blocked by Steven Stamkos.
6:13 of 1st period - Thomas Novak is hit by Brady Skjei and loses puck.
6:38 of 1st period - Icing by Dougie Hamilton.
6:39 of 1st period - Miles Wood wins face-off versus Adam Henrique in FLORIDA Panthers zone.
6:39 of 1st period - Ryan Graves is hit by Ryan McDonagh and loses puck.
6:48 of 1st period - Shot by Connor Brown.
6:48 of 1st period - Shot Misses the Net.
6:50 of 1st period - Shot by Ryan Graves.
6:50 of 1st period - Shot Blocked by Dougie Hamilton.
6:52 of 1st period - Shot by Ryan Graves.
6:52 of 1st period - Stopped by Darcy Kuemper without a rebound.
6:53 of 1st period - Derek Grant wins face-off versus Jack Hughes in FLORIDA Panthers zone.
7:35 of 1st period - Icing by Jordan Martinook.
7:36 of 1st period - Derek Grant wins face-off versus J.T. Compher in FLORIDA Panthers zone.
7:36 of 1st period - Derek Grant is hit by Andreas Athanasiou.
8:07 of 1st period - Icing by Dougie Hamilton.
8:08 of 1st period - Adam Henrique wins face-off versus Miles Wood in FLORIDA Panthers zone.
8:15 of 1st period - Ryan Graves is hit by Yegor Sharangovich and loses puck.
9:00 of 1st period - Icing by Miles Wood.
9:01 of 1st period - Miles Wood wins face-off versus Steven Stamkos in NEW JERSEY Devils zone.
9:17 of 1st period - Shot by Josh Morrissey.
9:17 of 1st period - Stopped by Jake Allen without a rebound.
9:18 of 1st period - Vincent Trocheck wins face-off versus Jack Hughes in NEW JERSEY Devils zone.
9:57 of 1st period - Icing by Brandon Saad.
9:58 of 1st period - Vincent Trocheck wins face-off versus J.T. Compher in FLORIDA Panthers zone.
10:23 of 1st period - Off-side.
10:24 of 1st period - Steven Stamkos wins face-off versus Ryan Donato in neutral zone.
10:26 of 1st period - Matthew Tkachuk is hit by Chris Wideman and loses puck.
11:16 of 1st period - Minor Penalty to Eetu Luostarinen for Hooking.
11:17 of 1st period - Jack Hughes wins face-off versus Vincent Trocheck in FLORIDA Panthers zone.
11:26 of 1st period - Shot by Adam Boqvist.
11:26 of 1st period - Stopped by Darcy Kuemper with a rebound.
11:44 of 1st period - Shot by Kyle Okposo.
11:44 of 1st period - Stopped by Darcy Kuemper without a rebound.
11:45 of 1st period - Adam Henrique wins face-off versus Oskar Lindblom in FLORIDA Panthers zone.
11:51 of 1st period - Icing by Andreas Athanasiou.
11:52 of 1st period - Oskar Lindblom wins face-off versus Vincent Trocheck in NEW JERSEY Devils zone.
12:17 of 1st period - Shot by Bowen Byram.
12:17 of 1st period - Stopped by Darcy Kuemper without a rebound.
12:18 of 1st period - Adam Henrique wins face-off versus Jack Hughes in FLORIDA Panthers zone.
12:32 of 1st period - Kyle Okposo is hit by Brady Skjei and loses puck.
13:20 of 1st period - Minor Penalty to Matt Irwin for High sticking.
13:21 of 1st period - Joel Armia wins face-off versus Vincent Trocheck in FLORIDA Panthers zone.
13:36 of 1st period - Shot by Joel Armia.
13:36 of 1st period - Shot Blocked by Ryan McDonagh.
13:38 of 1st period - Shot by Ryan Graves.
13:38 of 1st period - Stopped by Darcy Kuemper without a rebound.
13:39 of 1st period - Adam Henrique wins face-off versus Jack Hughes in FLORIDA Panthers zone.
13:56 of 1st period - Josh Morrissey is hit by Kyle Okposo and loses puck.
14:21 of 1st period - Icing by Adam Boqvist.
14:22 of 1st period - Adam Henrique wins face-off versus Oskar Lindblom in NEW JERSEY Devils zone.
14:22 of 1st period - Brady Skjei is hit by Alexander Petrovic and loses puck.
14:31 of 1st period - Shot by Adam Boqvist.
14:31 of 1st period - Stopped by Darcy Kuemper without a rebound.
14:32 of 1st period - Adam Henrique wins face-off versus Oskar Lindblom in FLORIDA Panthers zone.
14:32 of 1st period - Ryan McDonagh is hit by Oskar Lindblom and loses puck.
14:37 of 1st period - Shot by Andreas Athanasiou.
14:37 of 1st period - Shot Blocked by Eetu Luostarinen.
14:49 of 1st period - Brady Skjei is hit by Oskar Lindblom and loses puck.
15:04 of 1st period - Shot by Andreas Athanasiou.
15:04 of 1st period - Shot Misses the Net.
15:06 of 1st period - Shot by Andreas Athanasiou.
15:06 of 1st period - Shot Blocked by Josh Morrissey.
15:08 of 1st period - Shot by Andreas Athanasiou.
15:08 of 1st period - Shot Misses the Net.
15:10 of 1st period - Shot by Joel Armia.
15:10 of 1st period - Shot Misses the Net.
15:35 of 1st period - Shot by Ryan McLeod.
15:35 of 1st period - Stopped by Jake Allen without a rebound.
15:36 of 1st period - Jack Hughes wins face-off versus Steven Stamkos in NEW JERSEY Devils zone.
16:11 of 1st period - Shot by Jack Hughes.
16:11 of 1st period - Stopped by Darcy Kuemper without a rebound.
16:12 of 1st period - J.T. Compher wins face-off versus Vincent Trocheck in FLORIDA Panthers zone.
16:23 of 1st period - Shot by Carter Verhaeghe.
16:23 of 1st period - Goal by Carter Verhaeghe - NEW JERSEY Devils : 0 - FLORIDA Panthers : 1.
16:24 of 1st period - Eetu Luostarinen wins face-off versus Ryan Donato in neutral zone.
16:32 of 1st period - Oskar Lindblom is hit by Eetu Luostarinen and loses puck.
16:51 of 1st period - Shot by Eetu Luostarinen.
16:51 of 1st period - Shot Blocked by Jake Bean.
16:53 of 1st period - Shot by Yegor Sharangovich.
16:53 of 1st period - Stopped by Jake Allen without a rebound.
16:54 of 1st period - Steven Stamkos wins face-off versus Jack Hughes in NEW JERSEY Devils zone.
17:14 of 1st period - Minor Penalty to Ryan Graves for Holding.
17:15 of 1st period - Vincent Trocheck wins face-off versus Jack Hughes in NEW JERSEY Devils zone.
19:32 of 1st period - J.T. Compher is hit by Connor Murphy.
19:50 of 1st period - Shot by J.T. Compher.
19:50 of 1st period - Deflect By Andreas Athanasiou.
19:50 of 1st period - Goal by Andreas Athanasiou - NEW JERSEY Devils : 1 - FLORIDA Panthers : 1.
19:51 of 1st period - Derek Grant wins face-off versus Miles Wood in neutral zone.
Goals for this period are 1 for NEW JERSEY Devils vs 1 for FLORIDA Panthers.
Shots for this period are 10 for NEW JERSEY Devils vs 5 for FLORIDA Panthers.

2nd period


0:01 of 2nd period - Jack Hughes wins face-off versus Steven Stamkos in neutral zone.
0:01 of 2nd period - Jack Hughes is hit by Matthew Tkachuk.
0:24 of 2nd period - Jack Hughes is hit by Brady Skjei and loses puck.
0:37 of 2nd period - Shot by Jack Hughes.
0:37 of 2nd period - Shot Hit the Post.
0:39 of 2nd period - Shot by James van Riemsdyk.
0:39 of 2nd period - Deflect By Jack Hughes.
0:39 of 2nd period - Stopped by Darcy Kuemper without a rebound.
0:40 of 2nd period - J.T. Compher wins face-off versus Vincent Trocheck in FLORIDA Panthers zone.
1:12 of 2nd period - Shot by Vincent Trocheck.
1:12 of 2nd period - Stopped by Jake Allen without a rebound.
1:13 of 2nd period - Ryan Donato wins face-off versus Adam Henrique in NEW JERSEY Devils zone.
1:23 of 2nd period - Josh Morrissey is hit by Alexander Petrovic and loses puck.
1:26 of 2nd period - Shot by Josh Morrissey.
1:26 of 2nd period - Shot Misses the Net.
1:30 of 2nd period - Shot by Josh Morrissey.
1:30 of 2nd period - Shot Misses the Net.
1:32 of 2nd period - Shot by Josh Morrissey.
1:32 of 2nd period - Stopped by Jake Allen without a rebound.
1:33 of 2nd period - Jack Hughes wins face-off versus Steven Stamkos in NEW JERSEY Devils zone.
2:00 of 2nd period - Shot by Jack Hughes.
2:00 of 2nd period - Stopped by Darcy Kuemper without a rebound.
2:01 of 2nd period - Vincent Trocheck wins face-off versus J.T. Compher in FLORIDA Panthers zone.
2:10 of 2nd period - Shot by Andreas Athanasiou.
2:10 of 2nd period - Stopped by Darcy Kuemper without a rebound.
2:11 of 2nd period - Vincent Trocheck wins face-off versus J.T. Compher in FLORIDA Panthers zone.
2:28 of 2nd period - Shot by Brandon Saad.
2:28 of 2nd period - Stopped by Jake Allen without a rebound.
2:29 of 2nd period - Steven Stamkos wins face-off versus Jack Hughes in NEW JERSEY Devils zone.
2:46 of 2nd period - Shot by Jack Hughes.
2:46 of 2nd period - Shot Misses the Net.
3:06 of 2nd period - Shot by Matthew Tkachuk.
3:06 of 2nd period - Goal by Matthew Tkachuk - NEW JERSEY Devils : 1 - FLORIDA Panthers : 2.
3:07 of 2nd period - Vincent Trocheck wins face-off versus J.T. Compher in neutral zone.
4:20 of 2nd period - Icing by Ryan McDonagh.
4:21 of 2nd period - Steven Stamkos wins face-off versus Jack Hughes in FLORIDA Panthers zone.
4:40 of 2nd period - Shot by Steven Stamkos.
4:40 of 2nd period - Shot Misses the Net.
4:52 of 2nd period - Shot by Matthew Tkachuk.
4:52 of 2nd period - Shot Blocked by Bowen Byram.
4:54 of 2nd period - Shot by Brock Nelson.
4:54 of 2nd period - Stopped by Jake Allen without a rebound.
4:55 of 2nd period - Ryan Donato wins face-off versus Adam Henrique in NEW JERSEY Devils zone.
4:55 of 2nd period - Alexander Petrovic is hit by Adam Henrique and loses puck.
5:00 of 2nd period - Shot by Yegor Sharangovich.
5:00 of 2nd period - Shot Misses the Net.
5:13 of 2nd period - Yegor Sharangovich is hit by Alexander Petrovic and loses puck.
5:22 of 2nd period - Shot by Eetu Luostarinen.
5:22 of 2nd period - Shot Misses the Net.
5:24 of 2nd period - Shot by Adam Henrique.
5:24 of 2nd period - Shot Misses the Net.
5:26 of 2nd period - Shot by Adam Henrique.
5:26 of 2nd period - Shot Misses the Net.
5:28 of 2nd period - Shot by Matt Irwin.
5:28 of 2nd period - Shot Blocked by Alexander Petrovic.
5:30 of 2nd period - Shot by Connor Murphy.
5:30 of 2nd period - Shot Misses the Net.
6:08 of 2nd period - Shot by James van Riemsdyk.
6:08 of 2nd period - Shot Misses the Net.
6:10 of 2nd period - Shot by Kyle Okposo.
6:10 of 2nd period - Shot Misses the Net.
6:12 of 2nd period - Shot by James van Riemsdyk.
6:12 of 2nd period - Shot Blocked by Brady Skjei.
6:14 of 2nd period - Shot by Kyle Okposo.
6:14 of 2nd period - Stopped by Darcy Kuemper without a rebound.
6:15 of 2nd period - Steven Stamkos wins face-off versus J.T. Compher in FLORIDA Panthers zone.
6:19 of 2nd period - Matthew Tkachuk is hit by Chris Wideman and loses puck.
6:36 of 2nd period - Shot by Matthew Tkachuk.
6:36 of 2nd period - Shot Misses the Net.
7:28 of 2nd period - Off-side.
7:29 of 2nd period - Adam Henrique wins face-off versus Ryan Donato in neutral zone.
7:50 of 2nd period - Shot by Adam Henrique.
7:50 of 2nd period - Stopped by Jake Allen without a rebound.
7:51 of 2nd period - Jack Hughes wins face-off versus Vincent Trocheck in NEW JERSEY Devils zone.
8:04 of 2nd period - Shot by Jack Hughes.
8:04 of 2nd period - Shot Misses the Net.
8:06 of 2nd period - Shot by Kyle Okposo.
8:06 of 2nd period - Shot Misses the Net.
8:08 of 2nd period - Shot by James van Riemsdyk.
8:08 of 2nd period - Stopped by Darcy Kuemper with a rebound.
8:10 of 2nd period - Shot by Jack Hughes.
8:10 of 2nd period - Goal by Jack Hughes - NEW JERSEY Devils : 2 - FLORIDA Panthers : 2.
8:11 of 2nd period - Steven Stamkos wins face-off versus J.T. Compher in neutral zone.
8:30 of 2nd period - Shot by J.T. Compher.
8:30 of 2nd period - Deflect By Andreas Athanasiou.
8:30 of 2nd period - Stopped by Darcy Kuemper with a rebound.
8:40 of 2nd period - Shot by Matthew Tkachuk.
8:40 of 2nd period - Stopped by Jake Allen without a rebound.
8:41 of 2nd period - Jack Hughes wins face-off versus Vincent Trocheck in NEW JERSEY Devils zone.
8:58 of 2nd period - Shot by Kyle Okposo.
8:58 of 2nd period - Stopped by Darcy Kuemper without a rebound.
8:59 of 2nd period - Adam Henrique wins face-off versus Ryan Donato in FLORIDA Panthers zone.
9:24 of 2nd period - Shot by Oskar Lindblom.
9:24 of 2nd period - Shot Blocked by Connor Murphy.
9:59 of 2nd period - Shot by Matthew Tkachuk.
9:59 of 2nd period - Shot Misses the Net.
10:03 of 2nd period - Shot by Steven Stamkos.
10:03 of 2nd period - Shot Blocked by Chris Wideman.
10:05 of 2nd period - Shot by Brock Nelson.
10:05 of 2nd period - Stopped by Jake Allen with a rebound.
10:07 of 2nd period - Shot by Matthew Tkachuk.
10:07 of 2nd period - Deflect By Steven Stamkos.
10:07 of 2nd period - Shot Misses the Net.
10:09 of 2nd period - Shot by Brady Skjei.
10:09 of 2nd period - Shot Blocked by Ryan Graves.
10:22 of 2nd period - Icing by Matthew Tkachuk.
10:23 of 2nd period - Steven Stamkos wins face-off versus Jack Hughes in FLORIDA Panthers zone.
10:37 of 2nd period - Icing by Adam Boqvist.
10:38 of 2nd period - Vincent Trocheck wins face-off versus Jack Hughes in NEW JERSEY Devils zone.
11:04 of 2nd period - Icing by Jack Hughes.
11:05 of 2nd period - Derek Grant wins face-off versus Jack Hughes in NEW JERSEY Devils zone.
11:06 of 2nd period - Shot by Connor Murphy.
11:06 of 2nd period - Stopped by Jake Allen without a rebound.
11:07 of 2nd period - Steven Stamkos wins face-off versus J.T. Compher in NEW JERSEY Devils zone.
11:16 of 2nd period - Shot by Steven Stamkos.
11:16 of 2nd period - Stopped by Jake Allen without a rebound.
11:17 of 2nd period - Jack Hughes wins face-off versus Vincent Trocheck in NEW JERSEY Devils zone.
11:43 of 2nd period - Icing by Brady Skjei.
11:44 of 2nd period - Vincent Trocheck wins face-off versus J.T. Compher in FLORIDA Panthers zone.
11:54 of 2nd period - Brandon Saad is hit by Alexander Petrovic and loses puck.
11:58 of 2nd period - Minor Penalty to Alexander Petrovic for High sticking.
11:59 of 2nd period - Jack Hughes wins face-off versus Steven Stamkos in NEW JERSEY Devils zone.
11:59 of 2nd period - Bowen Byram is hit by Matthew Tkachuk and loses puck.
12:05 of 2nd period - Steven Stamkos is hit by Bowen Byram and loses puck.
12:08 of 2nd period - Shot by Matthew Tkachuk.
12:08 of 2nd period - Shot Blocked by Kyle Okposo.
12:12 of 2nd period - Shot by Dougie Hamilton.
12:12 of 2nd period - Stopped by Jake Allen with a rebound.
12:22 of 2nd period - Shot by Dougie Hamilton.
12:22 of 2nd period - Shot Misses the Net.
12:24 of 2nd period - Shot by Matthew Tkachuk.
12:24 of 2nd period - Shot Misses the Net.
12:26 of 2nd period - Shot by Steven Stamkos.
12:26 of 2nd period - Shot Misses the Net.
12:28 of 2nd period - Shot by Dougie Hamilton.
12:28 of 2nd period - Shot Misses the Net.
12:36 of 2nd period - Shot by Matthew Tkachuk.
12:36 of 2nd period - Deflect By Steven Stamkos.
12:36 of 2nd period - Stopped by Jake Allen without a rebound.
12:37 of 2nd period - Jack Hughes wins face-off versus Vincent Trocheck in NEW JERSEY Devils zone.
13:08 of 2nd period - Shot by Brady Skjei.
13:08 of 2nd period - Shot Misses the Net.
13:10 of 2nd period - Shot by Ryan McDonagh.
13:10 of 2nd period - Stopped by Jake Allen without a rebound.
13:11 of 2nd period - Steven Stamkos wins face-off versus Joel Armia in NEW JERSEY Devils zone.
13:12 of 2nd period - Shot by Josh Morrissey.
13:12 of 2nd period - Stopped by Jake Allen with a rebound.
13:24 of 2nd period - Bowen Byram is hit by Carter Verhaeghe and loses puck.
14:06 of 2nd period - Shot by J.T. Compher.
14:06 of 2nd period - Stopped by Darcy Kuemper with a rebound.
14:20 of 2nd period - Thomas Novak is hit by Derek Grant.
14:28 of 2nd period - Thomas Novak is hit by Ryan McLeod and loses puck.
14:50 of 2nd period - Derek Grant is hit by Miles Wood.
15:20 of 2nd period - Shot by Ryan McDonagh.
15:20 of 2nd period - Goal by Ryan McDonagh - NEW JERSEY Devils : 2 - FLORIDA Panthers : 3.
15:21 of 2nd period - Steven Stamkos wins face-off versus Ryan Donato in neutral zone.
15:24 of 2nd period - Oskar Lindblom is hit by Steven Stamkos and loses puck.
15:30 of 2nd period - Brock Nelson is hit by Chris Wideman and loses puck.
15:46 of 2nd period - Brock Nelson is hit by Ryan Graves and loses puck.
16:13 of 2nd period - Chris Wideman is hit by Eetu Luostarinen and loses puck.
16:25 of 2nd period - Eetu Luostarinen is hit by Ryan Graves and loses puck.
16:46 of 2nd period - Shot by Adam Henrique.
16:46 of 2nd period - Shot Blocked by Ryan Graves.
16:48 of 2nd period - Shot by Adam Henrique.
16:48 of 2nd period - Stopped by Jake Allen without a rebound.
16:49 of 2nd period - Jack Hughes wins face-off versus Vincent Trocheck in NEW JERSEY Devils zone.
17:09 of 2nd period - Icing by James van Riemsdyk.
17:10 of 2nd period - Matthew Tkachuk wins face-off versus Jack Hughes in NEW JERSEY Devils zone.
17:11 of 2nd period - Shot by Steven Stamkos.
17:11 of 2nd period - Shot Misses the Net.
17:13 of 2nd period - Shot by Josh Morrissey.
17:13 of 2nd period - Stopped by Jake Allen with a rebound.
17:29 of 2nd period - Shot by Kyle Okposo.
17:29 of 2nd period - Deflect By Jack Hughes.
17:29 of 2nd period - Shot Misses the Net.
17:50 of 2nd period - Off-side.
17:51 of 2nd period - J.T. Compher wins face-off versus Vincent Trocheck in neutral zone.
17:51 of 2nd period - J.T. Compher is hit by Vincent Trocheck.
17:55 of 2nd period - Shot by J.T. Compher.
17:55 of 2nd period - Shot Misses the Net.
18:25 of 2nd period - Minor Penalty to Ryan McDonagh for Tripping.
18:26 of 2nd period - Oskar Lindblom wins face-off versus Vincent Trocheck in FLORIDA Panthers zone.
18:37 of 2nd period - Shot by Oskar Lindblom.
18:37 of 2nd period - Stopped by Darcy Kuemper without a rebound.
18:38 of 2nd period - Jack Hughes wins face-off versus Vincent Trocheck in FLORIDA Panthers zone.
18:41 of 2nd period - Shot by Bowen Byram.
18:41 of 2nd period - Stopped by Darcy Kuemper without a rebound.
18:42 of 2nd period - Jack Hughes wins face-off versus Vincent Trocheck in FLORIDA Panthers zone.
19:23 of 2nd period - Shot by Bowen Byram.
19:23 of 2nd period - Shot Misses the Net.
Goals for this period are 1 for NEW JERSEY Devils vs 2 for FLORIDA Panthers.
Shots for this period are 11 for NEW JERSEY Devils vs 17 for FLORIDA Panthers.

3rd period


0:01 of 3rd period - Vincent Trocheck wins face-off versus Jack Hughes in neutral zone.
0:49 of 3rd period - Shot by Adam Henrique.
0:49 of 3rd period - Shot Misses the Net.
1:42 of 3rd period - Shot by Connor Brown.
1:42 of 3rd period - Shot Blocked by Matt Irwin.
2:18 of 3rd period - Shot by Jack Hughes.
2:18 of 3rd period - Shot Misses the Net.
2:24 of 3rd period - Minor Penalty to Connor Murphy for Holding.
2:25 of 3rd period - Vincent Trocheck wins face-off versus Oskar Lindblom in FLORIDA Panthers zone.
2:36 of 3rd period - Shot by Andreas Athanasiou.
2:36 of 3rd period - Stopped by Darcy Kuemper without a rebound.
2:37 of 3rd period - Vincent Trocheck wins face-off versus Jack Hughes in FLORIDA Panthers zone.
2:54 of 3rd period - Shot by Adam Boqvist.
2:54 of 3rd period - Stopped by Darcy Kuemper without a rebound.
2:55 of 3rd period - Vincent Trocheck wins face-off versus Oskar Lindblom in FLORIDA Panthers zone.
3:06 of 3rd period - Shot by Ryan Graves.
3:06 of 3rd period - Stopped by Darcy Kuemper without a rebound.
3:07 of 3rd period - Vincent Trocheck wins face-off versus Jack Hughes in FLORIDA Panthers zone.
3:13 of 3rd period - Icing by Alexander Petrovic.
3:14 of 3rd period - Jack Hughes wins face-off versus Vincent Trocheck in NEW JERSEY Devils zone.
3:35 of 3rd period - Josh Morrissey is hit by Kyle Okposo and loses puck.
3:40 of 3rd period - Shot by James van Riemsdyk.
3:40 of 3rd period - Shot Misses the Net.
3:42 of 3rd period - Shot by Kyle Okposo.
3:42 of 3rd period - Shot Misses the Net.
3:44 of 3rd period - Shot by Adam Boqvist.
3:44 of 3rd period - Stopped by Darcy Kuemper without a rebound.
3:45 of 3rd period - Oskar Lindblom wins face-off versus Adam Henrique in FLORIDA Panthers zone.
3:46 of 3rd period - Shot by Bowen Byram.
3:46 of 3rd period - Shot Blocked by Ryan McDonagh.
3:48 of 3rd period - Shot by Joel Armia.
3:48 of 3rd period - Deflect By Oskar Lindblom.
3:48 of 3rd period - Shot Blocked by Brady Skjei.
3:50 of 3rd period - Shot by Ryan Graves.
3:50 of 3rd period - Shot Blocked by Ryan McDonagh.
4:24 of 3rd period - Shot by Andreas Athanasiou.
4:24 of 3rd period - Stopped by Darcy Kuemper without a rebound.
4:25 of 3rd period - Jack Hughes wins face-off versus Adam Henrique in FLORIDA Panthers zone.
4:26 of 3rd period - Shot by Kyle Okposo.
4:26 of 3rd period - Stopped by Darcy Kuemper without a rebound.
4:27 of 3rd period - Adam Henrique wins face-off versus Jack Hughes in FLORIDA Panthers zone.
5:31 of 3rd period - Icing by Dougie Hamilton.
5:32 of 3rd period - Adam Henrique wins face-off versus Ryan Donato in FLORIDA Panthers zone.
5:48 of 3rd period - Off-side.
5:49 of 3rd period - Steven Stamkos wins face-off versus J.T. Compher in neutral zone.
6:10 of 3rd period - Shot by Matthew Tkachuk.
6:10 of 3rd period - Stopped by Jake Allen without a rebound.
6:11 of 3rd period - Jack Hughes wins face-off versus Vincent Trocheck in NEW JERSEY Devils zone.
6:23 of 3rd period - Vincent Trocheck is hit by James van Riemsdyk and loses puck.
6:48 of 3rd period - Carter Verhaeghe is hit by Kyle Okposo and loses puck.
7:49 of 3rd period - Minor Penalty to Matthew Tkachuk for Hooking.
7:50 of 3rd period - Vincent Trocheck wins face-off versus Oskar Lindblom in FLORIDA Panthers zone.
8:46 of 3rd period - Shot by Jack Hughes.
8:46 of 3rd period - Goal by Jack Hughes - NEW JERSEY Devils : 3 - FLORIDA Panthers : 3.
8:47 of 3rd period - Derek Grant wins face-off versus Miles Wood in neutral zone.
9:24 of 3rd period - Shot by Jordan Martinook.
9:24 of 3rd period - Shot Blocked by Chris Wideman.
9:26 of 3rd period - Shot by Ryan McLeod.
9:26 of 3rd period - Stopped by Jake Allen without a rebound.
9:27 of 3rd period - Jack Hughes wins face-off versus Vincent Trocheck in NEW JERSEY Devils zone.
9:27 of 3rd period - Jack Hughes is hit by Brandon Saad.
9:37 of 3rd period - Shot by Carter Verhaeghe.
9:37 of 3rd period - Stopped by Jake Allen without a rebound.
9:38 of 3rd period - Steven Stamkos wins face-off versus Ryan Donato in NEW JERSEY Devils zone.
10:05 of 3rd period - Icing by Oskar Lindblom.
10:06 of 3rd period - Ryan Donato wins face-off versus Vincent Trocheck in NEW JERSEY Devils zone.
10:06 of 3rd period - Adam Boqvist is hit by Brandon Saad and loses puck.
10:13 of 3rd period - Carter Verhaeghe is hit by Oskar Lindblom and loses puck.
10:53 of 3rd period - Shot by Jack Hughes.
10:53 of 3rd period - Deflect By Kyle Okposo.
10:53 of 3rd period - Shot Misses the Net.
10:55 of 3rd period - Shot by Jack Hughes.
10:55 of 3rd period - Stopped by Darcy Kuemper without a rebound.
10:56 of 3rd period - Steven Stamkos wins face-off versus J.T. Compher in FLORIDA Panthers zone.
11:01 of 3rd period - J.T. Compher is hit by Steven Stamkos and loses puck.
11:15 of 3rd period - Minor Penalty to Matthew Tkachuk for Holding.
11:16 of 3rd period - Jack Hughes wins face-off versus Vincent Trocheck in FLORIDA Panthers zone.
11:29 of 3rd period - Shot by Jack Hughes.
11:29 of 3rd period - Deflect By James van Riemsdyk.
11:29 of 3rd period - Shot Misses the Net.
11:31 of 3rd period - Shot by Ryan Graves.
11:31 of 3rd period - Shot Misses the Net.
11:33 of 3rd period - Shot by Ryan Graves.
11:33 of 3rd period - Deflect By James van Riemsdyk.
11:33 of 3rd period - Stopped by Darcy Kuemper without a rebound.
11:34 of 3rd period - Vincent Trocheck wins face-off versus Andreas Athanasiou in FLORIDA Panthers zone.
11:59 of 3rd period - Shot by Oskar Lindblom.
11:59 of 3rd period - Stopped by Darcy Kuemper without a rebound.
12:00 of 3rd period - Vincent Trocheck wins face-off versus Jack Hughes in FLORIDA Panthers zone.
12:29 of 3rd period - Shot by Jack Hughes.
12:29 of 3rd period - Deflect By Kyle Okposo.
12:29 of 3rd period - Stopped by Darcy Kuemper without a rebound.
12:30 of 3rd period - Adam Henrique wins face-off versus Oskar Lindblom in FLORIDA Panthers zone.
12:30 of 3rd period - Adam Henrique is hit by Andreas Athanasiou.
14:38 of 3rd period - Shot by Kyle Okposo.
14:38 of 3rd period - Shot Blocked by Eetu Luostarinen.
14:50 of 3rd period - Shot by James van Riemsdyk.
14:50 of 3rd period - Shot Misses the Net.
14:52 of 3rd period - Shot by James van Riemsdyk.
14:52 of 3rd period - Shot Misses the Net.
15:22 of 3rd period - Shot by Brock Nelson.
15:22 of 3rd period - Shot Misses the Net.
15:24 of 3rd period - Shot by Brock Nelson.
15:24 of 3rd period - Stopped by Jake Allen without a rebound.
15:25 of 3rd period - Ryan Donato wins face-off versus Vincent Trocheck in NEW JERSEY Devils zone.
15:25 of 3rd period - Joel Armia is hit by Carter Verhaeghe and loses puck.
15:37 of 3rd period - Icing by Jake Bean.
15:38 of 3rd period - Steven Stamkos wins face-off versus Ryan Donato in NEW JERSEY Devils zone.
15:45 of 3rd period - Shot by Brock Nelson.
15:45 of 3rd period - Shot Misses the Net.
15:47 of 3rd period - Shot by Connor Murphy.
15:47 of 3rd period - Shot Blocked by Jake Bean.
15:49 of 3rd period - Shot by Connor Murphy.
15:49 of 3rd period - Stopped by Jake Allen with a rebound.
16:03 of 3rd period - Shot by Matthew Tkachuk.
16:03 of 3rd period - Stopped by Jake Allen with a rebound.
16:05 of 3rd period - Shot by Steven Stamkos.
16:05 of 3rd period - Stopped by Jake Allen without a rebound.
16:06 of 3rd period - Vincent Trocheck wins face-off versus Jack Hughes in NEW JERSEY Devils zone.
16:16 of 3rd period - Carter Verhaeghe is hit by Chris Wideman and loses puck.
16:34 of 3rd period - Vincent Trocheck is hit by Ryan Graves and loses puck.
16:46 of 3rd period - Minor Penalty to Ryan Graves for Holding.
16:47 of 3rd period - Steven Stamkos wins face-off versus Jack Hughes in NEW JERSEY Devils zone.
16:47 of 3rd period - Steven Stamkos is hit by Alexander Petrovic.
17:03 of 3rd period - Shot by Steven Stamkos.
17:03 of 3rd period - Shot Misses the Net.
17:36 of 3rd period - Icing by Brandon Saad.
17:37 of 3rd period - Vincent Trocheck wins face-off versus Jack Hughes in FLORIDA Panthers zone.
17:44 of 3rd period - Shot by Ryan McDonagh.
17:44 of 3rd period - Shot Misses the Net.
17:46 of 3rd period - Shot by Ryan McDonagh.
17:46 of 3rd period - Goal by Ryan McDonagh - NEW JERSEY Devils : 3 - FLORIDA Panthers : 4.
17:47 of 3rd period - Thomas Novak wins face-off versus Adam Henrique in neutral zone.
17:47 of 3rd period - Chris Wideman is hit by Eetu Luostarinen and loses puck.
18:03 of 3rd period - Minor Penalty to Eetu Luostarinen for Slashing.
18:04 of 3rd period - Vincent Trocheck wins face-off versus Oskar Lindblom in FLORIDA Panthers zone.
18:27 of 3rd period - Vincent Trocheck is hit by Oskar Lindblom and loses puck.
19:00 of 3rd period - NEW JERSEY Devils, Jake Allen is pulled from the net.
19:08 of 3rd period - Shot by Jack Hughes.
19:08 of 3rd period - Stopped by Darcy Kuemper without a rebound.
19:09 of 3rd period - Jack Hughes wins face-off versus Adam Henrique in FLORIDA Panthers zone.
19:28 of 3rd period - Shot by Kyle Okposo.
19:28 of 3rd period - Goal by Kyle Okposo - NEW JERSEY Devils : 4 - FLORIDA Panthers : 4.
19:28 of 3rd period - Jake Allen from NEW JERSEY Devils was sent back in the game.
19:29 of 3rd period - Adam Henrique wins face-off versus Miles Wood in neutral zone.
19:33 of 3rd period - Eetu Luostarinen is hit by Ryan Graves and loses puck.
19:58 of 3rd period - Shot by Connor Brown.
19:58 of 3rd period - Shot Blocked by Ryan McDonagh.
Goals for this period are 2 for NEW JERSEY Devils vs 1 for FLORIDA Panthers.
Shots for this period are 13 for NEW JERSEY Devils vs 8 for FLORIDA Panthers.

Overtime #1


0:01 of 1st overtime period - J.T. Compher wins face-off versus Brock Nelson in neutral zone.
0:30 of 1st overtime period - Shot by Brock Nelson.
0:30 of 1st overtime period - Shot Misses the Net.
0:32 of 1st overtime period - Shot by Jordan Martinook.
0:32 of 1st overtime period - Shot Misses the Net.
0:36 of 1st overtime period - Shot by Brock Nelson.
0:36 of 1st overtime period - Stopped by Jake Allen without a rebound.
0:37 of 1st overtime period - Brock Nelson wins face-off versus J.T. Compher in NEW JERSEY Devils zone.
0:50 of 1st overtime period - Shot by Brock Nelson.
0:50 of 1st overtime period - Shot Misses the Net.
0:52 of 1st overtime period - Shot by Jordan Martinook.
0:52 of 1st overtime period - Shot Blocked by Joel Armia.
0:54 of 1st overtime period - Shot by Connor Murphy.
0:54 of 1st overtime period - Shot Blocked by Adam Boqvist.
0:56 of 1st overtime period - Shot by Jordan Martinook.
0:56 of 1st overtime period - Stopped by Jake Allen without a rebound.
0:57 of 1st overtime period - Brock Nelson wins face-off versus J.T. Compher in NEW JERSEY Devils zone.
1:08 of 1st overtime period - Shot by J.T. Compher.
1:08 of 1st overtime period - Stopped by Darcy Kuemper without a rebound.
1:09 of 1st overtime period - J.T. Compher wins face-off versus Brock Nelson in FLORIDA Panthers zone.
1:29 of 1st overtime period - Shot by J.T. Compher.
1:29 of 1st overtime period - Shot Misses the Net.
1:55 of 1st overtime period - Shot by Andreas Athanasiou.
1:55 of 1st overtime period - Shot Misses the Net.
2:13 of 1st overtime period - Shot by Jack Hughes.
2:13 of 1st overtime period - Shot Blocked by Dougie Hamilton.
2:15 of 1st overtime period - Shot by Andreas Athanasiou.
2:15 of 1st overtime period - Stopped by Darcy Kuemper with a rebound.
2:17 of 1st overtime period - Shot by Andreas Athanasiou.
2:17 of 1st overtime period - Goal by Andreas Athanasiou - NEW JERSEY Devils : 5 - FLORIDA Panthers : 4.
Goals for this period are 1 for NEW JERSEY Devils vs 0 for FLORIDA Panthers.
Shots for this period are 3 for NEW JERSEY Devils vs 2 for FLORIDA Panthers. Output by the SimonT Hockey Simulator (STHS) for Martin Benoit - Original Page W3C HTML5 Valid
Hockey Simulator - Hockey Simulation - Hockey Manager